TOP OF THE 1ST |
Philadelphia Athletics batting - Pitching for Orlando Calrissian : LHP Mark Collins
|
Pitching: LHP Mark Collins
|
|
Batting: LHB John Peterson
|
0-0: Foul Ball, location: 2F 0-1: Called Strike 0-2: Foul Ball, location: 2F 0-2: Ball 1-2: Ball 2-2: Ball 3-2: SINGLE (Groundball, 4D)
|
Batting: LHB Brian Boone
|
0-0: Ball 1-0: Fly out, F5 (Popup, 5S)
|
Batting: RHB Tony Morton
|
0-0: Called Strike 0-1: Ball Wild Pitch! John Peterson to second 1-1: Ball 2-1: Fly out, F9 (Flyball, 9LS)
|
Batting: RHB Alfredo Rivera
|
0-0: Ball 1-0: Foul Ball, location: 2F 1-1: Foul Ball, location: 2F 1-2: Foul Ball, location: 2F 1-2: Ball 2-2: Foul Ball, location: 2F 2-2: Fly out, F7 (Flyball, 7S)
|
Top of the 1st over - 0 runs, 1 hit, 0 errors, 1 left on base; Philadelphia 0 - Orlando 0 |
BOTTOM OF THE 1ST |
Orlando Calrissian batting - Pitching for Philadelphia Athletics : RHP Blaine Yarbrough
|
Pitching: RHP Blaine Yarbrough
|
|
Batting: LHB Craig Kenney
|
0-0: Called Strike 0-1: Foul Ball, location: 2F 0-2: Ball 1-2: Foul Ball, location: 2F 1-2: Foul Ball, location: 2F 1-2: Strikes out swinging
|
Batting: RHB Frederico Hernández
|
0-0: Ball 1-0: Called Strike 1-1: Foul Ball, location: 2F 1-2: Foul Ball, location: 2F 1-2: Ball 2-2: Ball 3-2: Fly out, F7 (Flyball, 78S)
|
Batting: RHB Gabriel Ángel
|
0-0: Ball 1-0: Ball 2-0: Fly out, F3 (Popup, 23F)
|
Bottom of the 1st over - 0 runs, 0 hits, 0 errors, 0 left on base; Philadelphia 0 - Orlando 0 |
TOP OF THE 2ND |
Philadelphia Athletics batting - Pitching for Orlando Calrissian : LHP Mark Collins
|
Batting: LHB Carter Sweet
|
0-0: Ball 1-0: Called Strike 1-1: Ball 2-1: Ball 3-1: Called Strike 3-2: Fly out, F9 (Line Drive, 89M)
|
Batting: RHB Valentín Borges
|
0-0: Foul Ball, location: 2F 0-1: Swinging Strike 0-2: Strikes out swinging
|
Batting: RHB Anastasio Villa
|
0-0: Ball 1-0: Swinging Strike 1-1: Ball 2-1: Ball 3-1: DOUBLE (Flyball, 78D)
|
Batting: RHB Miguel Encarnación
|
0-0: Called Strike 0-1: Ball 1-1: Foul Ball, location: 2F 1-2: Ball 2-2: Strikes out swinging
|
Top of the 2nd over - 0 runs, 1 hit, 0 errors, 1 left on base; Philadelphia 0 - Orlando 0 |
BOTTOM OF THE 2ND |
Orlando Calrissian batting - Pitching for Philadelphia Athletics : RHP Blaine Yarbrough
|
Batting: RHB Raúl Canó
|
0-0: Ground out 5-3 (Groundball, 5)
|
Batting: LHB Juan Colón
|
0-0: Ground out 5-3 (Groundball, 56)
|
Batting: RHB Sean White
|
0-0: Foul Ball, location: 2F 0-1: Foul Ball, location: 2F 0-2: Ball 1-2: SINGLE (Groundball, 2L) (infield hit)
|
Batting: RHB Robby Lewis
|
0-0: Ball Wild Pitch! Sean White to second 1-0: Called Strike 1-1: Ground out 6-3 (Groundball, 56)
|
Bottom of the 2nd over - 0 runs, 1 hit, 0 errors, 1 left on base; Philadelphia 0 - Orlando 0 |
TOP OF THE 3RD |
Philadelphia Athletics batting - Pitching for Orlando Calrissian : LHP Mark Collins
|
Batting: SHB Héctor Padilla
|
0-0: Called Strike 0-1: Ball 1-1: Called Strike 1-2: Ball 2-2: Foul Ball, location: 2F 2-2: Strikes out swinging
|
Batting: LHB John Peterson
|
0-0: Ball 1-0: Ball 2-0: Foul Ball, location: 2F 2-1: SINGLE (Flyball, 78S)
|
Batting: LHB Brian Boone
|
0-0: Foul Ball, location: 2F 0-1: DOUBLE (Line Drive, 9LD) John Peterson to third Runner from 3rd tries for Home, SAFE, no throw
|
Batting: RHB Tony Morton
|
0-0: Ball 1-0: Fly out, F7 (Line Drive, 78M)
|
Batting: RHB Alfredo Rivera
|
0-0: Ball 1-0: Swinging Strike 1-1: Foul Ball, location: 2F 1-2: Strikes out swinging
|
Top of the 3rd over - 1 run, 2 hits, 0 errors, 1 left on base; Philadelphia 1 - Orlando 0 |
BOTTOM OF THE 3RD |
Orlando Calrissian batting - Pitching for Philadelphia Athletics : RHP Blaine Yarbrough
|
Batting: RHB Júlio Negrón
|
0-0: Fly out, F7 (Flyball, 7)
|
Batting: RHB José Rosales
|
0-0: Ball 1-0: Swinging Strike 1-1: Swinging Strike 1-2: Foul Ball, location: 2F 1-2: Foul Ball, location: 2F 1-2: Ball 2-2: Strikes out swinging
|
Batting: LHB Craig Kenney
|
0-0: Foul Ball, location: 2F 0-1: Ball 1-1: Ball 2-1: Ball 3-1: Swinging Strike 3-2: Ground out 6-3 (Groundball, 6S)
|
Bottom of the 3rd over - 0 runs, 0 hits, 0 errors, 0 left on base; Philadelphia 1 - Orlando 0 |
TOP OF THE 4TH |
Philadelphia Athletics batting - Pitching for Orlando Calrissian : LHP Mark Collins
|
Batting: LHB Carter Sweet
|
0-0: SINGLE (Line Drive, 9S)
|
Batting: RHB Valentín Borges
|
0-0: Ball 1-0: SINGLE (Flyball, 89M) Carter Sweet to second Runner from 2nd tries for 3rd, OUT!
|
Batting: RHB Anastasio Villa
|
0-0: Foul Ball, location: 2F 0-1: Ball 1-1: SINGLE (Groundball, 6MD) Valentín Borges to second
|
Batting: RHB Miguel Encarnación
|
0-0: Ball 1-0: Called Strike 1-1: Fly out, F6 (Popup, 6)
|
Batting: SHB Héctor Padilla
|
0-0: Ball 1-0: Fly out, F6 (Popup, 6)
|
Top of the 4th over - 0 runs, 3 hits, 0 errors, 2 left on base; Philadelphia 1 - Orlando 0 |
BOTTOM OF THE 4TH |
Orlando Calrissian batting - Pitching for Philadelphia Athletics : RHP Blaine Yarbrough
|
Batting: RHB Frederico Hernández
|
0-0: Ball 1-0: Foul Ball, location: 2F 1-1: Fly out, F5 (Line Drive, 5)
|
Batting: RHB Gabriel Ángel
|
0-0: Ball 1-0: Called Strike 1-1: Foul Ball, location: 2F 1-2: SINGLE (Groundball, 56D)
|
Batting: RHB Raúl Canó
|
0-0: Ball 1-0: Ground out 3-1 (Groundball, 34S) Gabriel Ángel to second
|
Batting: LHB Juan Colón
|
0-0: Called Strike 0-1: Ground out 2-3 (Groundball, 2L)
|
Bottom of the 4th over - 0 runs, 1 hit, 0 errors, 1 left on base; Philadelphia 1 - Orlando 0 |
TOP OF THE 5TH |
Philadelphia Athletics batting - Pitching for Orlando Calrissian : LHP Mark Collins
|
Batting: LHB John Peterson
|
0-0: Foul Ball, location: 2F 0-1: Ball 1-1: SINGLE (Groundball, 34D)
|
Batting: LHB Brian Boone
|
0-0: Fly out, F4 (Line Drive, 4)
|
Batting: RHB Tony Morton
|
0-0: Swinging Strike 0-1: Ball 1-1: Foul Ball, location: 2F 1-2: Fly out, F9 (Line Drive, 9)
|
Batting: RHB Alfredo Rivera
|
0-0: Ball 1-0: Foul Ball, location: 2F 1-1: Called Strike 1-2: Ball 2-2: Foul Ball, location: 2F 2-2: Strikes out looking
|
Top of the 5th over - 0 runs, 1 hit, 0 errors, 1 left on base; Philadelphia 1 - Orlando 0 |
BOTTOM OF THE 5TH |
Orlando Calrissian batting - Pitching for Philadelphia Athletics : RHP Blaine Yarbrough
|
Batting: RHB Sean White
|
0-0: Ground out 4-3 (Groundball, 4S)
|
Batting: RHB Robby Lewis
|
0-0: Called Strike 0-1: Foul Ball, location: 2F 0-2: Foul Ball, location: 2F 0-2: Hit by Pitch
|
Pinch Runner at 1st Keith Sims:
|
|
Batting: RHB Júlio Negrón
|
0-0: Called Strike 0-1: Foul Ball, location: 2F 0-2: Foul Ball, location: 2F 0-2: Ball 1-2: Fly out, F8 (Flyball, 8LM)
|
Batting: RHB José Rosales
|
0-0: Ball 1-0: Called Strike 1-1: Foul Ball, location: 2F 1-2: Ball 2-2: Strikes out swinging
|
Bottom of the 5th over - 0 runs, 0 hits, 0 errors, 1 left on base; Philadelphia 1 - Orlando 0 |
TOP OF THE 6TH |
Philadelphia Athletics batting - Pitching for Orlando Calrissian : LHP Mark Collins
|
Now at 3B: Keith Sims
|
|
Batting: LHB Carter Sweet
|
0-0: Called Strike 0-1: Ball 1-1: Ball 2-1: Swinging Strike 2-2: Foul Ball, location: 2F 2-2: SOLO HOME RUN (Flyball, 9D), Distance : 470 ft
|
Batting: RHB Valentín Borges
|
0-0: Ball 1-0: Ball 2-0: Called Strike 2-1: Swinging Strike 2-2: Foul Ball, location: 2F 2-2: Strikes out swinging
|
Batting: RHB Anastasio Villa
|
0-0: Called Strike 0-1: Foul Ball, location: 2F 0-2: Strikes out swinging
|
Batting: RHB Miguel Encarnación
|
0-0: Ball 1-0: Foul Ball, location: 2F 1-1: Foul Ball, location: 2F 1-2: Strikes out swinging
|
Top of the 6th over - 1 run, 1 hit, 0 errors, 0 left on base; Philadelphia 2 - Orlando 0 |
BOTTOM OF THE 6TH |
Orlando Calrissian batting - Pitching for Philadelphia Athletics : RHP Blaine Yarbrough
|
Batting: LHB Craig Kenney
|
0-0: Called Strike 0-1: Called Strike 0-2: Foul Ball, location: 2F 0-2: SINGLE (Groundball, 3S) (infield hit)
|
Batting: RHB Frederico Hernández
|
0-0: Foul Ball, location: 2F 0-1: Ball 1-1: Ball 2-1: Ball 3-1: Foul Ball, location: 2F 3-2: Foul Ball, location: 2F 3-2: DOUBLE (Groundball, 5L) Craig Kenney to third Craig Kenney scores
|
Batting: RHB Gabriel Ángel
|
0-0: Foul Ball, location: 2F 0-1: Foul Ball, location: 2F 0-2: SINGLE (Line Drive, 9LM) Frederico Hernández to third
|
Batting: RHB Raúl Canó
|
0-0: Ball 1-0: Fly out, F2 (Popup, 2R)
|
Batting: LHB Juan Colón
|
0-0: Called Strike 0-1: Ball 1-1: Foul Ball, location: 2F 1-2: Ball 2-2: Ball Wild Pitch! Frederico Hernández scores Gabriel Ángel to second 3-2: Intentional Walk
|
Pinch Runner at 2nd Jesús Gonzáles:
|
|
Batting: RHB Sean White
|
0-0: Ball 1-0: Foul Ball, location: 2F 1-1: Fly out, F8 (Flyball, 8LM)
|
Batting: RHB Keith Sims
|
0-0: Ball 1-0: Reached on error, E3 (Groundball, 34) Jesús Gonzáles scores Juan Colón to third
|
Batting: RHB Júlio Negrón
|
0-0: Intentional Walk
|
Batting: RHB José Rosales
|
0-0: Called Strike 0-1: Ball 1-1: DOUBLE (Line Drive, 7LD) Juan Colón scores Keith Sims scores Júlio Negrón to third Runner from 3rd tries for Home, SAFE, no throw
|
Pitching: LHP Rob Greene
|
|
Batting: LHB Craig Kenney
|
0-0: Ball 1-0: Called Strike 1-1: Swinging Strike 1-2: Ground out 5-3 (Groundball, 25)
|
Bottom of the 6th over - 6 runs, 4 hits, 1 error, 1 left on base; Philadelphia 2 - Orlando 6 |
TOP OF THE 7TH |
Philadelphia Athletics batting - Pitching for Orlando Calrissian : LHP Mark Collins
|
Pitching: LHP Xavier Velázquez
|
|
Now at 1B: Jesús Gonzáles
|
|
Batting: SHB Héctor Padilla
|
0-0: Ball 1-0: Called Strike 1-1: SOLO HOME RUN (Flyball, 7D), Distance : 374 ft
|
Batting: LHB John Peterson
|
0-0: Ball 1-0: Ball 2-0: Foul Ball, location: 2F 2-1: Ball 3-1: Foul Ball, location: 2F 3-2: Strikes out swinging
|
Batting: LHB Brian Boone
|
0-0: Called Strike 0-1: Called Strike 0-2: Hit by Pitch
|
Batting: RHB Tony Morton
|
0-0: Ball 1-0: Swinging Strike 1-1: Ball 2-1: Ball 3-1: Foul Ball, location: 2F 3-2: Foul Ball, location: 2F 3-2: Fielders Choice at 2nd, 1-4 (Groundball, 15S)
|
Batting: RHB Alfredo Rivera
|
0-0: Ground out 1-3 (Groundball, 15S)
|
Top of the 7th over - 1 run, 1 hit, 0 errors, 1 left on base; Philadelphia 3 - Orlando 6 |
BOTTOM OF THE 7TH |
Orlando Calrissian batting - Pitching for Philadelphia Athletics : LHP Rob Greene
|
Batting: RHB Frederico Hernández
|
0-0: Ball 1-0: Ball 2-0: Called Strike 2-1: Ground out 5-3 (Groundball, 56)
|
Batting: RHB Jesús Gonzáles
|
0-0: Ball 1-0: Ground out 2-3 (Groundball, 2L)
|
Batting: RHB Raúl Canó
|
0-0: Ball 1-0: DOUBLE (Line Drive, 89XD)
|
Batting: LHB Juan Colón
|
0-0: Called Strike 0-1: Ground out 5-3 (Groundball, 56S)
|
Bottom of the 7th over - 0 runs, 1 hit, 0 errors, 1 left on base; Philadelphia 3 - Orlando 6 |
TOP OF THE 8TH |
Philadelphia Athletics batting - Pitching for Orlando Calrissian : LHP Xavier Velázquez
|
Batting: LHB Carter Sweet
|
0-0: Called Strike 0-1: Fly out, F8 (Flyball, 78D)
|
Batting: RHB Valentín Borges
|
0-0: Ball 1-0: Foul Ball, location: 2F 1-1: SOLO HOME RUN (Line Drive, 8RXD), Distance : 418 ft
|
Pitching: RHP Dave Heath
|
|
Batting: RHB Anastasio Villa
|
0-0: Ball 1-0: Ball 2-0: Ball 3-0: Base on Balls
|
Batting: RHB Miguel Encarnación
|
0-0: Foul Ball, location: 2F 0-1: Ball 1-1: Ball 2-1: Ball 3-1: SINGLE (Groundball, 34D) Anastasio Villa to second Runner from 2nd tries for 3rd, SAFE, no throw
|
Batting: SHB Héctor Padilla
|
0-0: Called Strike 0-1: Ball 1-1: Ball 2-1: Ball 3-1: Fly out, F6 (Line Drive, 6)
|
Batting: LHB John Peterson
|
0-0: Ball 1-0: Called Strike 1-1: Foul Ball, location: 2F 1-2: Foul Ball, location: 2F 1-2: Foul Ball, location: 2F 1-2: Foul Ball, location: 2F 1-2: Foul Ball, location: 2F 1-2: Fly out, F7 (Line Drive, 7S)
|
Top of the 8th over - 1 run, 2 hits, 0 errors, 2 left on base; Philadelphia 4 - Orlando 6 |
BOTTOM OF THE 8TH |
Orlando Calrissian batting - Pitching for Philadelphia Athletics : LHP Rob Greene
|
Batting: RHB Sean White
|
0-0: Called Strike 0-1: Ground out 6-3 (Groundball, 6)
|
Batting: RHB Keith Sims
|
0-0: Called Strike 0-1: Foul Ball, location: 2F 0-2: Fly out, F7 (Flyball, 7D)
|
Batting: RHB Júlio Negrón
|
0-0: Ground out 4-3 (Groundball, 4)
|
Bottom of the 8th over - 0 runs, 0 hits, 0 errors, 0 left on base; Philadelphia 4 - Orlando 6 |
TOP OF THE 9TH |
Philadelphia Athletics batting - Pitching for Orlando Calrissian : RHP Dave Heath
|
Pitching: LHP Mike Murray
|
|
Batting: LHB Brian Boone
|
0-0: Called Strike 0-1: Ball 1-1: Foul Ball, location: 2F 1-2: Strikes out swinging
|
Batting: RHB Tony Morton
|
0-0: Called Strike 0-1: Called Strike 0-2: Foul Ball, location: 2F 0-2: Ball 1-2: Fly out, F2 (Popup, 2LF)
|
Batting: RHB Alfredo Rivera
|
0-0: Called Strike 0-1: Foul Ball, location: 2F 0-2: Ball 1-2: Foul Ball, location: 2F 1-2: Foul Ball, location: 2F 1-2: Ball 2-2: Ground out 5-3 (Groundball, 5)
|
Top of the 9th over - 0 runs, 0 hits, 0 errors, 0 left on base; Philadelphia 4 - Orlando 6 |
|